 Dungeon Crawl Stone Soup version 0.27.1-3-gb3d3a73c9e (webtiles) character file.

Game seed: 4006937795424049790

357 Crownlay the Slasher (level 6, -12/85 HPs)
             Began as a Minotaur Berserker on Oct 9, 2021.
             Was a Believer of Trog.
             Mangled by a wyvern (14 damage)
             ... on level 5 of the Dungeon.
             The game lasted 00:04:10 (3356 turns).

Crownlay the Slasher (Minotaur Berserker)           Turns: 3356, Time: 00:04:11

Health: -12/85     AC: -1    Str: 24    XL:     6   Next: 37%
Magic:  5/5        EV: 11    Int:  4    God:    Trog [**....]
Gold:   126        SH:  0    Dex:  9    Spells: 5/5 levels left

rFire    . . .     SeeInvis .   a - +0 falchion
rCold    . . .     Faith    .   (no shield)
rNeg     . . .     Spirit   .   k - +0 ring mail
rPois    .         Reflect  .   (helmet restricted)
rElec    .         Harm     .   l - +0 cloak
rCorr    .         Rampage  .   (no gloves)
Will     .....                  (no boots)
Stlth    ..........             (no amulet)
HPRegen  0.24/turn              (no ring)
MPRegen  0.09/turn              (no ring)

@: berserking (expiring), corroded, very quick
A: horns 2, retaliatory headbutt
a: Renounce Religion, Berserk, Trog's Hand


You were on level 5 of the Dungeon.
You worshipped Trog.
Trog was pleased with you.
You visited 1 branch of the dungeon, and saw 5 of its levels.

You collected 126 gold pieces.

Inventory:

Hand Weapons
 a - a +0 falchion (weapon)
Armour
 k - a +0 ring mail (worn)
 l - a +0 cloak (worn)
Scrolls
 c - a scroll of magic mapping {unknown}
 d - 2 scrolls of fog {unknown}
 e - a scroll of identify {unknown}
 f - 2 scrolls of blinking {unknown}
 h - 4 scrolls of teleportation
 i - 3 scrolls of summoning {unknown}
Potions
 b - a potion of mutation {unknown}
 g - a potion of curing {unknown}
 j - 2 potions of brilliance {unknown}
 m - a potion of lignification {unknown}
 n - 2 potions of heal wounds {unknown}


   Skills:
 + Level 5.8 Fighting
 * Level 7.4 Long Blades
 - Level 2.4 Armour
 - Level 2.1 Dodging


You had 5 spell levels left.
You didn't know any spells.
Your spell library was empty.

Dungeon Overview and Level Annotations

Branches:
Dungeon (6/15)
 Temple: D:4-7

Altars:

Annotations:
D:3 2 transporters
D:5 Grinder


Innate Abilities, Weirdness & Mutations

You have a pair of horns on your head.
You reflexively headbutt those who attack you in melee.


Message History

Grinder is almost dead.
Grinder blinks!
The water moccasin skeleton misses you.
You barely miss the water moccasin skeleton.
The water moccasin skeleton is heavily damaged.
The water moccasin skeleton bites you.
You are too injured to fight recklessly!
You are too injured to fight recklessly!
You are too injured to fight recklessly!
You barely miss the water moccasin skeleton.
The water moccasin skeleton is heavily damaged.
You hear an angry hiss.
You slash the water moccasin skeleton!
You headbutt the water moccasin skeleton!
The water moccasin skeleton is almost destroyed.
The water moccasin skeleton bites you.
You hit the water moccasin skeleton but do no damage.
You headbutt the water moccasin skeleton.
You destroy the water moccasin skeleton!
Trog accepts your kill. Grinder hits you!
You writhe in agony.
A wyvern comes into view.
You barely miss the wyvern.
Your skin stops crawling.
You feel less strong-willed. The wyvern bites you!!
* * * LOW HITPOINT WARNING * * *
Grinder blinks!
You are too injured to fight recklessly!
You closely miss the wyvern. The wyvern bites you.
* * * LOW HITPOINT WARNING * * *
You are too berserk!
You hit the wyvern. You headbutt the wyvern!
The wyvern is heavily wounded.
You hit the wyvern but do no damage.
The wyvern is heavily wounded.
The wyvern bites you.
* * * LOW HITPOINT WARNING * * *
Your ring mail prevents you from hitting the wyvern.
The wyvern is heavily wounded.
The wyvern bites you!
You die...

...##.#######
..##>.......
..##.####### #.##.#
#.##.#
###.##.##########
#......#........>
#.#.####.######## #
#.#.#.#.#@#.#
#.#.#.#.#.#l#
#.#.#.#.#.#.#.#
#.#.#.#.#.#.#.#.#
#.#.#.#.#.#.#.#.#Z#
#.#.#.#.#.#.#.#.#.#)#
+#.#.#.#.#.#.#.#.#.#.#
..#.#.#.#.# #.#.#.#.#+
..+# .#.# #.#. #.


You could see a wyvern and a water moccasin skeleton.

Vanquished Creatures
  A necrophage (D:6)
  A water moccasin skeleton (D:5)
  A jelly (D:5)
  Crazy Yiuf (D:2)
  An iguana (D:6)
  Robin (D:2)
  5 adders
  3 worms (D:2)
  An orc (D:3)
  4 ball pythons
  6 bats
  An endoplasm (D:1)
  6 giant cockroaches
  5 hobgoblins
  3 jackals (D:3)
  A quokka (D:2)
  12 goblins
  5 kobolds
  8 rats
66 creatures vanquished.

Vanquished Creatures (others)
  2 fungi (D:2)
2 creatures vanquished.

Grand Total: 68 creatures vanquished

Notes
Turn   | Place    | Note
-------+----------+-------------------------------------------
     0 | D:1      | Crownlay the Minotaur Berserker began the quest for the
                  | Orb.
     0 | D:1      | Reached XP level 1. HP: 19/19 MP: 0/0
   154 | D:1      | Found a faded altar of an unknown god.
   252 | D:1      | Reached skill level 4 in Long Blades
   315 | D:1      | Reached XP level 2. HP: 27/27 MP: 1/1
  1256 | D:2      | Reached XP level 3. HP: 23/33 MP: 2/2
  1609 | D:2      | Noticed Robin
  1614 | D:2      | Reached skill level 5 in Long Blades
  1674 | D:1      | Reached ** piety under Trog
  1897 | D:2      | Killed Robin
  1898 | D:2      | Reached XP level 4. HP: 12/41 MP: 3/3
  2630 | D:2      | Found a runed translucent door.
  2631 | D:2      | Noticed Crazy Yiuf
  2638 | D:2      | Killed Crazy Yiuf
  2639 | D:2      | Reached skill level 6 in Long Blades
  2766 | D:3      | Reached XP level 5. HP: 47/47 MP: 4/4
  2845 | D:3      | Found a transporter.
  2878 | D:3      | Found a transporter.
  2918 | D:3      | Reached skill level 5 in Fighting
  3215 | D:3      | You fall into a shaft and drop 3 floors!
  3219 | D:6      | Noticed a necrophage
  3225 | D:6      | Killed a necrophage
  3226 | D:6      | Reached skill level 7 in Long Blades
  3226 | D:6      | Reached XP level 6. HP: 52/56 MP: 5/5
  3302 | D:5      | Entered Level 5 of the Dungeon
  3323 | D:5      | Noticed Grinder
  3351 | D:5      | Noticed a wyvern
  3355 | D:5      | HP: 2/85 [wyvern (5)]
  3356 | D:5      | Mangled by a wyvern

Illustrated notes

Levels and vault maps discovered:
D:1:      elethiomel_arrival_maze, layout_basic,
          shapermc_ecumenical_altar_mp_highgroup
D:2:      layout_loops_ring, minmay_misc_feat_tiny, minmay_worlds_worst_comb,
          uniq_robin, uniq_crazy_yiuf_cottage
D:3:      layout_basic, gammafunk_ghost_abyssal_escape, grunt_ministairs_10,
          fountainhead, minmay_shallow_snake_nest
D:5:      lemuel_insect_pit, layout_basic, ebering_ghost_sewer_d, uniq_grinder
D:6:      layout_basic, amethyst_killhole

Skill      XL: |  1  2  3  4  5 |
---------------+----------------+-----
Long Blades    | 4 5 6 7 |  7.4
Fighting       | 4 5 |  5.8
Armour         | |  2.4
Dodging        | |  2.1

Action                   |  1- 3 |  4- 6 || total
-------------------------+-------+-------++-------
Melee: Falchion          |    63 |   124 ||   187
       Headbutt          |     9 |    37 ||    46
Invok: Berserk           |     1 |     3 ||     4
       Trog's Hand       |       |     3 ||     3
Armor: Animal skin       |    13 |     4 ||    17
       Ring mail         |       |    13 ||    13
Dodge: Dodged            |    55 |    40 ||    95
       Rpst.: Falchion   |    19 |    10 ||    29
